 Dungeon Sprint DCSS version 0.27-a0-789-g6bb3289e1e (webtiles) character file.

Game seed: 9769143450120205124

28562 mhtbhm the Bludgeoner (level 13, -2/95 HPs)
             Began as a Gargoyle Fighter on Mar 26, 2021.
             Was the Champion of Okawaru.
             Slain by an orc warrior
             ... wielding a +0 halberd
             ... led by Saint Roka
              (4 damage)
             ... in the Dungeon (Sprint IX: "|||||||||||||||||||||||||||||").
             The game lasted 00:06:43 (3426 turns).

mhtbhm the Bludgeoner (Gargoyle Fighter)            Turns: 3426, Time: 00:06:45

Health: -2/95      AC: 46    Str: 25    XL:     13   Next: 39%
Magic:  12/13      EV: 11    Int:  9    God:    Okawaru [******]
Gold:   58         SH: 15    Dex:  9    Spells: 12/12 levels left

rFire    + . .     SeeInvis .   a - +4 eveningstar (flame)
rCold    + . .     Faith    +   c - +0 kite shield
rNeg     + . .     Spirit   .   b - +9 scales of the Dragon King {rPois rF+ rC+ Will+}
rPois    ∞         Reflect  .   t - +0 helmet
rElec    +         Harm     .   m - +0 cloak
rCorr    .         Rampage  .   v - +0 pair of gloves
Will     +....     NoTele   +   D - +1 pair of boots
Stlth    ..........             w - amulet of faith
HPRegen  0.25/turn              x - +4 ring of slaying
MPRegen  0.13/turn              B - +4 ring of evasion

@: no status effects
A: AC +9, negative energy resistance 1, electricity resistance, torment
resistance 1, unbreathing 1, petrification resistance
a: Renounce Religion, Heroism, Finesse


You were in the Dungeon.
You worshipped Okawaru.
Okawaru was exalted by your worship.
You visited 1 branch You collected 1912 gold pieces.
You spent 1854 gold pieces at shops.

Inventory:

Hand Weapons
 a - a +4 eveningstar of flaming (weapon)
Missiles
 y - 5 throwing nets
 z - 8 curare-tipped darts (quivered)
Armour
 b - the +9 scales of the Dragon King (worn) {rPois rF+ rC+ Will+}
   (You found it in the Dungeon)

   It protects you from fire.
   It protects you from cold.
   It protects you from poison.
   It affects your willpower, your defense against some magical effects.
 c - a +0 kite shield (worn)
 m - a +0 cloak (worn)
 t - a +0 helmet (worn)
 v - a +0 pair of gloves (worn)
 D - a +1 pair of boots (worn)
Jewellery
 w - an amulet of faith (around neck)
 x - a +4 ring of slaying (right hand)
 B - a +4 ring of evasion (left hand)
Scrolls
 e - a scroll of identify
 j - 2 scrolls of blinking
 k - 2 scrolls of amnesia
 q - 2 scrolls of fog
 r - 3 scrolls of fear
 s - 5 scrolls of enchant weapon
 E - 2 scrolls of enchant armour
Potions
 d - a potion of might
 f - 9 potions of heal wounds
 g - a potion of haste
 h - 4 potions of magic
 i - 6 potions of curing
 p - 2 potions of mutation
 u - a potion of berserk rage
Miscellaneous
 n - a phantom mirror


   Skills:
 + Level 16.4 Fighting
 + Level 19.1 Maces & Flails
 + Level 1.4 Throwing
 + Level 15.1 Armour
 + Level 6.4 Dodging
 + Level 5.3 Stealth
 + Level 18.1 Shields
 + Level 0.5 Invocations
 + Level 4.5 Evocations


You had 12 spell levels left.
You didn't know any spells.
Your spell library was empty.

Dungeon Overview and Level Annotations

Branches:
Dungeon (1/1)

Altars:
Cheibriados
Dithmenos
Elyvilon
Fedhas
Gozag
Hepliaklqana
Kikubaaqudgha
Makhleb
Nemelex Xobeh
Okawaru
Qazlal
Ru
Sif Muna
Trog
Uskayaw
Vehumet
Wu Jian
Xom
Yredelemnul
Zin
The Shining One
Beogh
Jiyva
Lugonu

Shops:
D (**=


Innate Abilities, Weirdness & Mutations

Your stone body is resilient. (AC +9)
You are immune to poison.
You resist negative energy. (rN+)
You are resistant to electric shocks. (rElec)
You are resistant to unholy torment.
You can survive without breathing.
You are immune to petrification.


Message History

Saint Roka roars a battlecry!
The orc warrior goes into a battle-frenzy!
You puncture Saint Roka! You burn Saint Roka.
Saint Roka is almost dead.
Saint Roka invokes the aid of Beogh against you.
Beogh smites you!
* * * LOW HITPOINT WARNING * * *
You sock Saint Roka! You burn Saint Roka.
Saint Roka is almost dead.
You barely miss Saint Roka.
Saint Roka is almost dead.
Saint Roka invokes the aid of Beogh against you.
Beogh smites you!
* * * LOW HITPOINT WARNING * * *
You puncture Saint Roka! You burn Saint Roka.
Saint Roka is almost dead.
Saint Roka mumbles some strange prayers to Beogh against you.
Beogh smites you!
* * * LOW HITPOINT WARNING * * *
You puncture Saint Roka! You burn Saint Roka.
You kill Saint Roka!
Okawaru is honoured by your kill. Something appears at your feet!
You see here a +2 vorpal morningstar.
Okawaru grants you a weapon!
Your base Fighting skill increases to level 16!
Your base Maces & Flails skill increases to level 19!
Your base Throwing skill increases to level 1!
Your base Armour skill increases to level 15!
Your base Shields skill increases to level 18!
You block the troll's attack. The troll completely misses you.
You block the troll's attack. You block the orc warrior's attack.
Things that are here:
a +0 war axe of venom; a +3 chain mail of positive energy You puncture the troll!
You burn the troll.
The troll is moderately wounded.
You feel like a meek peon again. You block the troll's attack.
The troll barely misses you. You block the troll's attack.
The orc warrior hits you from afar with a +0 halberd.
You die...

,,,,,,,,,,,,,,,,,,,,,,,,,,,,,*
****************************,*
,,,,,,,,,,,,,,,,,,,+,,,,,,,,,*
******************************
,,,,,,,,,,,,,,,,,,,,,,,,,,,,,*
****************************,*
,,,,,,+,,,,,,,,,+,,,,,,,,,,,,*
*********♣♣♣♣♣♣♣▓▓▓▓▓▓▓▓▓▓▓▓▓▓
,,,,,,,,,....ooT@))..........▓
▓▓▓▓▓▓▓▓▓▓▓▓▓▓▓▓▓▓▓▓▓▓▓▓▓▓▓▓.▓
.=.)))[)))...).....'.........▓
▓▓▓▓▓▓▓▓▓▓▓▓▓▓▓▓▓▓▓▓▓▓▓▓▓▓▓▓▓▓
......................)...)..▓
▓▓▓▓▓▓▓▓▓▓▓▓▓▓▓▓▓▓▓▓▓▓▓▓▓▓▓▓.▓
.))))))∩.∩.∩)∩)....'.........▓
▓▓▓▓▓▓▓▓▓▓▓▓▓▓▓▓▓▓▓▓▓▓▓▓▓▓▓▓▓▓
.............................▓


You could see a troll, an orc warrior (strong) and an orc (strong).

Vanquished Creatures
  Saint Roka (D)
  A fire giant (D)
  A very ugly thing (D)
  A stone giant (D)
  A vampire knight (D)
  2 ettins (D)
  A fire dragon (D)
  Harold (D)
  2 hydras (D)
  A rakshasa (D)
  Erica (D)
  4 centaur warriors (D)
  A tengu warrior (D)
  Sonja (D)
  6 orc sorcerers (D)
  2 orc knights (D)
  A manticore (D)
  A black mamba (D)
  4 cane toads (D)
  A gargoyle (D)
  An efreet (D)
  2 komodo dragons (D)
  2 tyrant leeches (D)
  2 trolls (D)
  3 blink frogs (D)
  A wraith (D)
  A vampire (D)
  3 yaks (D)
  A basilisk (D)
  3 vampire mosquitoes (D)
  2 water moccasins (D)
  14 orc warriors (D)
  A sky beast (D)
  A wolf (D)
  A centaur (D)
  5 bullfrogs (D)
  A hound (D)
  An orc priest (D)
  13 orc wizards (D)
  A shadow imp (D)
  2 dart slugs (D)
  6 orcs (D)
  An endoplasm (D)
  2 jackals (D)
  A giant cockroach zombie (D)
  A rat (D)
106 creatures vanquished.

Vanquished Creatures (others)
  A kobold demonologist (D)
  An orc wizard (D)
2 creatures vanquished.

Grand Total: 108 creatures vanquished

Notes
Turn   | Place    | Note
-------+----------+-------------------------------------------
     0 | D        | mhtbhm the Gargoyle Fighter began the quest for the Orb.
     0 | D        | Reached XP level 1. HP: 14/14 MP: 1/1
    24 | D        | Reached XP level 2. HP: 2/20 MP: 2/2
   317 | D        | Noticed a sky beast
   331 | D        | Reached skill level 3 in Maces & Flails
   331 | D        | Reached skill level 5 in Armour
   331 | D        | Reached XP level 3. HP: 14/25 MP: 3/3
   335 | D        | Reached skill level 5 in Shields
   344 | D        | Reached skill level 5 in Fighting
   344 | D        | Reached XP level 4. HP: 31/31 MP: 4/4
   357 | D        | Killed a sky beast
   358 | D        | Reached skill level 5 in Maces & Flails
   358 | D        | Reached skill level 1 in Dodging
   358 | D        | Reached XP level 5. HP: 32/37 MP: 5/5
   368 | D        | Found a snail-covered altar of Cheibriados.
   368 | D        | Found a shadowy altar of Dithmenos.
   368 | D        | Found a white marble altar of Elyvilon.
   368 | D        | Found a blossoming altar of Fedhas.
   368 | D        | Found an opulent altar of Gozag.
   369 | D        | Found a hazy altar of Hepliaklqana.
   370 | D        | Found a viscous altar of Jiyva.
   371 | D        | Found an ancient bone altar of Kikubaaqudgha.
   372 | D        | Found a corrupted altar of Lugonu.
   373 | D        | Found a burning altar of Makhleb.
   374 | D        | Found a sparkling altar of Nemelex Xobeh.
   375 | D        | Found an iron altar of Okawaru.
   376 | D        | Found a stormy altar of Qazlal.
   377 | D        | Found a sacrificial altar of Ru.
   378 | D        | Found a shimmering blue altar of Sif Muna.
   379 | D        | Found a bloodstained altar of Trog.
   380 | D        | Found a hide-covered altar of Uskayaw.
   381 | D        | Found a radiant altar of Vehumet.
   382 | D        | Found an ornate altar of the Wu Jian Council.
   383 | D        | Became a worshipper of Warmaster Okawaru
   384 | D        | Found a shimmering altar of Xom.
   385 | D        | Found a basalt altar of Yredelemnul.
   386 | D        | Found a glowing silver altar of Zin.
   387 | D        | Found a glowing golden altar of the Shining One.
   438 | D        | Noticed a wraith
   438 | D        | Noticed a troll
   438 | D        | Noticed a centaur
   438 | D        | Noticed a yak
   438 | D        | Noticed a troll
   445 | D        | Killed a wraith
   446 | D        | Reached skill level 7 in Maces & Flails
   446 | D        | Reached XP level 6. HP: 44/44 MP: 6/6
   452 | D        | Killed a troll
   453 | D        | Reached skill level 8 in Maces & Flails
   453 | D        | Reached XP level 7. HP: 21/49 MP: 7/7
   453 | D        | Reached * piety under Okawaru
   460 | D        | Killed a yak
   460 | D        | Killed a troll
   461 | D        | Reached skill level 9 in Maces & Flails
   461 | D        | Reached skill level 1 in Evocations
   461 | D        | Reached XP level 8. HP: 31/56 MP: 8/8
   600 | D        | Noticed a manticore
   600 | D        | Noticed a centaur warrior
   600 | D        | Noticed a kobold demonologist
   600 | D        | Noticed a gargoyle
   600 | D        | Noticed a vampire
   600 | D        | Noticed a six-headed hydra
   608 | D        | Killed a manticore
   608 | D        | Reached ** piety under Okawaru
   609 | D        | Reached skill level 10 in Maces & Flails
   609 | D        | Reached skill level 10 in Shields
   614 | D        | Killed a centaur warrior
   614 | D        | Reached *** piety under Okawaru
   615 | D        | Reached skill level 10 in Fighting
   615 | D        | Reached skill level 11 in Maces & Flails
   615 | D        | Reached XP level 9. HP: 49/62 MP: 9/9
   623 | D        | Killed a six-headed hydra
   623 | D        | Reached **** piety under Okawaru
   624 | D        | Reached skill level 12 in Maces & Flails
   624 | D        | Reached skill level 10 in Armour
   624 | D        | Reached skill level 5 in Dodging
   626 | D        | Killed a kobold demonologist
   630 | D        | Killed a gargoyle
   630 | D        | Reached ***** piety under Okawaru
   639 | D        | Reached XP level 10. HP: 30/68 MP: 10/10
   914 | D        | Got the amulet "Esmed" {RegenMP rF+ Int+2 Stlth+}
   936 | D        | Noticed a cane toad
   936 | D        | Noticed a five-headed hydra
   948 | D        | Killed a cane toad
   948 | D        | Received a gift from Okawaru
   953 | D        | Killed a five-headed hydra
   954 | D        | Reached skill level 13 in Maces & Flails
  1127 | D        | Reached skill level 5 in Stealth
  1208 | D        | Noticed a black mamba
  1224 | D        | Noticed a cane toad
  1235 | D        | Noticed a cane toad
  1249 | D        | Killed a black mamba
  1273 | D        | Killed a cane toad
  1274 | D        | Reached XP level 11. HP: 36/76 MP: 11/11
  1510 | D        | Reached skill level 14 in Maces & Flails
  2248 | D        | Received a gift from Okawaru
  2334 | D        | Noticed an orc knight
  2359 | D        | Killed an orc knight
  2360 | D        | Reached skill level 15 in Shields
  2374 | D        | Reached skill level 15 in Maces & Flails
  2500 | D        | Found Acsoc's Antique Weapon Emporium.
  2500 | D        | Noticed an orc sorcerer
  2500 | D        | Noticed an orc sorcerer
  2503 | D        | Killed an orc sorcerer
  2510 | D        | Killed an orc sorcerer
  2515 | D        | Found Gifohetel's General Store.
  2515 | D        | Noticed an orc sorcerer
  2519 | D        | Noticed an orc sorcerer
  2523 | D        | Found Maeqeteo's General Store.
  2523 | D        | Noticed an orc sorcerer
  2524 | D        | Noticed a sixfirhy
  2527 | D        | Killed an orc sorcerer
  2535 | D        | Killed an orc sorcerer
  2536 | D        | Found Nucuq's Jewellery Shoppe.
  2541 | D        | Killed an orc sorcerer
  2541 | D        | Reached ****** piety under Okawaru
  2654 | D        | Noticed an orc sorcerer
  2660 | D        | Killed an orc sorcerer
  2660 | D        | Received a gift from Okawaru
  2716 | D        | Bought an amulet of faith for 400 gold pieces
  2726 | D        | Bought a +4 ring of slaying for 780 gold pieces
  2739 | D        | Bought a scroll of magic mapping for 49 gold pieces
  2739 | D        | Bought a scroll of enchant weapon for 105 gold pieces
  2754 | D        | Bought a phantom mirror for 520 gold pieces
  2776 | D        | Noticed Harold
  2777 | D        | Noticed Erica
  2784 | D        | Killed Harold
  2785 | D        | Reached skill level 16 in Maces & Flails
  2785 | D        | Reached XP level 12. HP: 84/84 MP: 12/12
  2802 | D        | Killed Erica
  2865 | D        | Noticed Sonja
  2870 | D        | Killed Sonja
  2932 | D        | Found the +9 scales of the Dragon King {rPois rF+ rC+
                  | Will+}
  2956 | D        | Got the +6 plate armour of the Game of Kings {+Fly rC+++
                  | Int-3 SInv}
  3002 | D        | Noticed a centaur warrior
  3002 | D        | Noticed a centaur warrior
  3002 | D        | Noticed a tengu warrior
  3002 | D        | Noticed a centaur warrior
  3008 | D        | Killed a centaur warrior
  3009 | D        | Killed a centaur warrior
  3010 | D        | Reached skill level 17 in Maces & Flails
  3010 | D        | Noticed a rakshasa
  3020 | D        | Noticed a white very ugly thing
  3022 | D        | Killed a tengu warrior
  3024 | D        | Noticed a fire giant
  3028 | D        | Killed a centaur warrior
  3029 | D        | Noticed a fire dragon
  3037 | D        | Noticed an ettin
  3041 | D        | Killed a white very ugly thing
  3041 | D        | Received a gift from Okawaru
  3043 | D        | Noticed an ettin
  3047 | D        | Noticed a stone giant
  3057 | D        | Killed a fire giant
  3058 | D        | Reached skill level 18 in Maces & Flails
  3064 | D        | Killed a fire dragon
  3065 | D        | Reached skill level 15 in Fighting
  3073 | D        | Killed a stone giant
  3080 | D        | Killed an ettin
  3080 | D        | Received a gift from Okawaru
  3081 | D        | Reached XP level 13. HP: 40/92 MP: 13/13
  3085 | D        | Killed an ettin
  3109 | D        | Killed a rakshasa
  3360 | D        | Noticed a vampire knight
  3365 | D        | Killed a vampire knight
  3391 | D        | Noticed Saint Roka
  3423 | D        | HP: 2/93 [Saint Roka/divine providence (12)]
  3424 | D        | Killed Saint Roka
  3424 | D        | Received a gift from Okawaru
  3425 | D        | Reached skill level 19 in Maces & Flails
  3425 | D        | Reached skill level 1 in Throwing
  3425 | D        | Reached skill level 15 in Armour
  3426 | D        | Slain by an orc warrior

Illustrated notes

Levels and vault maps discovered:
D:        linesprint [early_d, line_temple, items_1, d_10, items_2, lair_1,
          lair_end, items_3, orc_1, orc_end, items_4, d_15, swamp_1, shoals_1,
          snake_1, spider_1, d_20, vaults_1, items_5, swamp_end, shoals_end,
          snake_end, spider_end, vaults_end, d_27, items_6, zot_1, zot_end,
          crypt_end, forest_end, elf_end, slime_end, tomb_end, abyss_end,
          pan_hell_end]

Skill      XL: |  1  2  3  4  5  6  7  8  9 10 11 12 13 |
---------------+----------------------------------------+-----
Armour         | 4 5 6 7 8 9 10 12 13 14 15 | 15.1
Shields        | 4 5 6 8 9 11 12 13 15 17 18 | 18.1
Fighting       | 4 5 6 7 8 10 11 13 15 16 | 16.4
Maces & Flails | 3 5 7 8 9 11 12 13 16 18 19 | 19.1
Dodging        | 1 2 3 4 5 6 |  6.4
Evocations     | 1 2 3 4 |  4.5
Stealth        | 3 5 |  5.3
Throwing       | 1 |  1.4
Invocations    | |  0.5

Action                   |  1- 3 |  4- 6 |  7- 9 | 10-12 | 13-15 || total
-------------------------+-------+-------+-------+-------+-------++-------
Melee: Flail             |    43 |    31 |    35 |   340 |       ||   449
       Eveningstar       |       |       |       |   173 |    52 ||   225
Throw: Dart              |       |       |       |       |     3 ||     3
Invok: Heroism           |       |       |       |       |     1 ||     1
Evoke: Wand              |       |     1 |     7 |     1 |     1 ||    10
  Use: Potion            |     2 |       |     3 |     2 |     3 ||    10
       Scroll            |       |       |       |     1 |       ||     1
 Stab: Invisible         |       |       |     3 |       |       ||     3
Armor: Scale mail        |    22 |    16 |       |       |       ||    38
       Chain mail        |       |     9 |    30 |   104 |       ||   143
       Gold dragon scale |       |       |       |    31 |    14 ||    45
Dodge: Dodged            |    10 |    12 |    22 |   102 |     6 ||   152
Block: Kite shield       |    20 |    18 |    36 |   209 |    21 ||   304

Table legend: (Time is in decaauts)
 A = Elapsed time spent in this place.
 B = Non-inter-level travel time spent in this place.
 C = Inter-level travel time spent in this place.
 D = Time resting spent in this place.
 E = Time spent auto-exploring this place.
 F = Levels seen in this place.
 G = Mean time per level.
                   A        B        C        D        E       F      G
               +--------+--------+--------+--------+--------+-----+--------+
         Total |   3310 |   3310 |      0 |   1383 |    733 |   1 | 3310.0 |
       Dungeon |   3310 |   3310 |      0 |   1383 |    733 |   1 | 3310.0 |
               +--------+--------+--------+--------+--------+-----+--------+

Top non-repeatable levels by time:
       D: 3310 daAuts
